Map: Orbital Shipyard

Players

LilDicky - Winner!

  • Race: Protoss Protoss
  • League: Diamond

DJJoel

  • Race: Terran Terran
  • League: Gold

VOD

http://www.twitch.tv/tumescentpie

Description

Time

  • Played on: Jan. 4, 2016, 10:49 p.m.
  • Length: 5:14
Show
View Real Time Build Order
Export as new Build Order

LilDicky Protoss - Winner!

Build Orders:  

Get SALT Encoding   

  12  0:02  Probe (Chrono Boost)  
  13  0:12  Probe (Chrono Boost)  
  14  0:23  Pylon  
  14  0:26  Probe (Chrono Boost)  
  15  0:43  Gateway  
  15  0:47  Assimilator  
  15  0:51  Probe (Chrono Boost)  
  16  1:01  Probe (Chrono Boost)  
  17  1:12  Probe (Chrono Boost)  
  18  1:22  Probe (Chrono Boost)  
  19  1:26  Pylon  
  19  1:34  Cybernetics Core  
  19  1:35  Pylon  
  19  1:39  Probe (Chrono Boost)  
  20  1:41  Assimilator  
  20  1:50  Probe (Chrono Boost)  
  21  2:01  Probe (Chrono Boost)  
  22  2:10  Stalker (Chrono Boost)  
  22  2:11  Probe  
  25  2:17  Stargate  
  25  2:25  Probe  
  25  2:28  Warp Gate (Chrono Boost)  
  26  2:37  Probe  
  27  2:53  Probe  
  28  3:00  Void Ray  
  33  3:05  Probe  
  33  3:08  Gateway  
  33  3:10  Gateway  
  33  3:31  Mothership Core  
  33  3:44  Void Ray  
  37  3:50  Pylon  
  37  4:23  Adept x3  
  43  4:40  Pylon  
  43  4:55  Adept x2  
  47  5:01  Pylon  
Show
View Real Time Build Order
Export as new Build Order

DJJoel Terran 

Build Orders: Liberator Opening 

Get SALT Encoding   

  12  0:01  SCV  
  13  0:13  SCV  
  14  0:25  SCV  
  14  0:27  Supply Depot  
  15  0:38  Refinery  
  15  0:43  Refinery  
  15  0:49  SCV, Supply Depot  
  16  1:01  Barracks  
  16  1:06  SCV  
  17  1:18  SCV  
  18  1:30  SCV  
  19  1:48  Reaper, Orbital Command  
  19  1:53  Factory  
  20  2:02  Supply Depot  
  20  2:13  SCV  
  21  2:20  Reaper  
  22  2:25  SCV  
  23  2:36  Widow Mine  
  25  2:37  SCV  
  25  2:38  Starport  
  26  2:49  SCV  
  27  2:53  Reaper  
  28  3:00  Liberator  
  28  3:01  SCV  
  29  3:08  Command Center  
  31  3:42  SCV  
  32  3:50  Supply Depot, Factory Reactor  
  32  3:53  Barracks Tech Lab  
  32  3:54  SCV  
  33  3:57  Barracks  
  33  4:01  Liberator  
  33  4:06  SCV  
  36  4:19  SCV  
  38  4:27  Widow Mine x2  
Tags
 
Add a new tag
Caveats
  • Supply blocks, unpowered buildings, or Contaminate may cause inaccurate times.
  • Supply counts are checked every 10 seconds.